AoeStats
← Dxlphxn

Arabia

508517543Analyzed
1v1 RM · 26d ago on Sep 22, 2026· 54m 34s· 2 players
Game mode
Random Map
Map size
Tiny (2 player)
Population
200
Speed
Normal
Resources
Standard
Victory
Conquest
Starting age
Dark Age
Ending age
Imperial Age
RankedLock teamsTeams togetherTeam positionsShared explorationLock speedFull tech treeHidden civsTurbo modeCheats
Victory
Defeat
🇺🇸 Danes · United States
876
+18
vs
🇨🇱 Vikings · Chile
928
-18
Dxlphxn
9:39 Feudal Age
8:51 Loom
10:27 Double-Bit Axe
10:24 Horse Collar
12:08 Wheelbarrow
19:47 Town Watch
22:14 Castle Age
20:24 Scale Mail Armor
21:01 Stone Mining
21:06 Gold Mining
22:02 Forging
22:59 Squires
22:46 Gambesons
23:15 Bow Saw
23:07 Heavy Plow
23:46 Gold Shaft Mining
24:24 Town Watch
24:51 Arson
27:58 Iron Casting
28:47 Chain Mail Armor
29:09 Hamask
31:20 Hand Cart
36:32 Imperial Age
35:10 Town Patrol
38:07 Stone Shaft Mining
39:05 Blast Furnace
38:50 Hoardings
37:43 Elite Varangian Guard
39:47 Conscription
40:45 Plate Mail Armor
41:54 Masonry
43:14 Siege Engineers
46:12 Elite Skirmisher
46:56 Padded Archer Armor
49:44 Leather Archer Armor
49:39 Elite Jomsviking
51:15 Ring Archer Armor
51:52 Ballistics
52:35 Chemistry
concejaljesus23
7:38 Loom
10:22 Feudal Age
19:19 Castle Age
18:08 Horse Collar
19:12 Stone Mining
19:53 Scale Mail Armor
19:44 Fletching
19:43 Arson
19:49 Double-Bit Axe
19:55 Gold Mining
19:56 Town Watch
22:01 Gold Shaft Mining
21:29 Heavy Plow
21:42 Bow Saw
21:46 Forging
27:47 Chain Mail Armor
28:09 Iron Casting
30:47 Imperial Age
32:04 Conscription
31:48 Squires
31:11 Pikeman
32:14 Chain Mail Armor
35:03 Elite Berserk
38:01 Plate Mail Armor
37:27 Bodkin Arrow
37:35 Bogsveigar
40:24 Chemistry
39:37 Fortified Wall
39:47 Ballistics
40:02 Bracer
40:02 Padded Archer Armor
40:08 Crossbowman
41:05 Arbalester
43:12 Leather Archer Armor
46:39 Elite Skirmisher
48:23 Ring Archer Armor
48:28 Iron Casting
51:25 Masonry
Connection lost

Rejoining the realm…

Still unreachable

The connection could not be restored.

Session expired

The server has moved on; the page needs a fresh start.